 Dungeon Crawl Stone Soup version 0.19-a0-1223-gf83d13a (webtiles) character file.

25 4thArraOfDagon the Firebug (level 2, -1/22 HPs)
             Began as a Deep Elf Fire Elementalist on Aug 24, 2016.
             Slain by a hound (2 damage)
             ... on level 4 of the Dungeon.
             The game lasted 00:01:57 (369 turns).

4thArraOfDagon the Firebug (DEFE)                    Turns: 369, Time: 00:01:57

Health: -1/22      AC: 21    Str:  5    XL:     2   Next: 86%
Magic:  0/8        EV:  2    Int: 19    God:
Gold:   27         SH:  0    Dex: 15    Spells: 1 memorised, 7 levels left

rFire  . . .     SeeInvis .     m - +0 hand axe (freeze)
rCold  . . .     Gourm    .     (armour currently unavailable)
rNeg   + + +     Faith    .     (no shield)
rPois  +         Spirit   .     (helmet currently unavailable)
rElec  .         Dismiss  .     (cloak currently unavailable)
rCorr  .         Reflect  .     (gloves currently unavailable)
MR     .....     Harm     .     (boots currently unavailable)
Stlth  +++....... NoTele   +    (no amulet)
                                (no ring)
                                (no ring)

@: tree-form
A: no striking features
a: no special abilities


You were on level 4 of the Dungeon.
You were not hungry.
You were a tree.
You visited 1 branch of the dungeon, and saw 4 of its levels.

You collected 27 gold pieces.

Inventory:

Hand Weapons
 g - a +0 whip
 m - a +0 hand axe of freezing (weapon)
Armour
 a - a +0 robe (melded)
Scrolls
 d - a scroll of enchant armour {unknown}
 e - a scroll of teleportation {unknown}
 k - a scroll of amnesia {unknown}
 n - a scroll of fog {unknown}
Potions
 j - a potion of mutation {unknown}
 l - a potion of cancellation {unknown}
Books
 b - a book of Flames

   Spells                             Type                      Level
   a - Flame Tongue                   Conjuration/Fire             1
   b - Throw Flame                    Conjuration/Fire             2
   c - Conjure Flame                  Conjuration/Fire             3
   d - Inner Flame                    Hexes/Fire                   3
   e - Sticky Flame                   Conjuration/Fire             4
   f - Fireball                       Conjuration/Fire             5
Comestibles
 c - a bread ration
 f - a beef jerky
 i - 2 meat rations


   Skills:
 - Level 2.4 Dodging
 - Level 2.4 Stealth
 + Level 3.5 Spellcasting
 - Level 1.1 Conjurations
 * Level 4.2 Fire Magic


You had 7 spell levels left.
You knew the following spells:

 Your Spells              Type           Power        Failure   Level  Hunger
a - Flame Tongue          Conj/Fire      ##...        6%          1    None


Dungeon Overview and Level Annotations

Branches:
Dungeon (4/15)
 Temple: D:4-7

Altars:

Annotations:
D:2 Ijyb
D:3 Torax's ghost, amateur MfWr


Message History

Confirm with . or Enter, or press ? or * to list all spells.
Aiming: Flame Tongue
Press: ? - help, Shift-Dir - straight line, f/p - hound
Aim: a hound (severely wounded)
The flame tongue misses the hound.
The hound barely misses you. The hound bites you.
* * * LOW HITPOINT WARNING * * *
Unknown command.
It was a potion of lignification.
You turn into a tree.
Your +0 robe melds into your body.
Your roots penetrate the ground.
The hound bites you but does no damage.
Casting: Flame Tongue
Confirm with . or Enter, or press ? or * to list all spells.
Aiming: Flame Tongue
Press: ? - help, Shift-Dir - straight line, f/p - hound
Aim: a hound (severely wounded)
The flame tongue hits the hound.
The hound is severely wounded.
The hound bites you.
You die...

###########
#..).......
##.########. #...#
#.#.# ####(#.#### #
###....#....####.#####
#...#######...♣h......
#.#....#....####.#####
#.####.#.#### # #.# #
#.# #.# #.# #.#######
#.......#


You could see a hound.

Vanquished Creatures
  An adder (D:4)
  An orc (D:4)
  2 giant cockroaches
  A goblin (D:2)
  3 hobgoblins (D:1)
  2 kobolds (D:2)
  A bat (D:1)
  2 giant newts
  2 rats (D:2)
15 creatures vanquished.

Notes
Turn   | Place    | Note
-------+----------+-------------------------------------------
     0 | D:1      | 4thArraOfDagon the Deep Elf Fire Elementalist began the quest for the Orb.
     0 | D:1      | Reached XP level 1. HP: 10/10 MP: 6/6
   147 | D:2      | Noticed Ijyb
   154 | D:2      | Reached XP level 2. HP: 8/15 MP: 1/8
   247 | D:3      | Noticed Torax's ghost (amateur MfWr)
   297 | D:4      | Reached skill level 4 in Fire Magic
   369 | D:4      | Slain by a hound

Vault maps used:
D:1:      dpeg_arrival_arbitrary_b
D:2:      serial_bayou, serial_bayou_pond_b, serial_bayou_crossing,
          serial_bayou_pond_a, serial_bayou_pond_a, grunt_ministairs_11,
          uniq_robin, uniq_iyjb
D:3:      first_bread, minmay_misc_feat_hallway, minmay_misc_feat_chi,
          kennysheep_decorative_pillar, uniq_terence

Skill      XL: |  1  2 |
---------------+-------+-----
Fire Magic     | 4 |  4.2
Dodging        | |  2.4
Stealth        | |  2.4
Spellcasting   | |  3.5
Conjurations   | |  1.1

Action                   || total
-------------------------++-------
Melee: Whip              ||     4
 Cast: Flame Tongue      ||    30
  Use: Potion            ||     1
Armor: Robe              ||     4
       Skin              ||     1
Dodge: Dodged            ||    16
